 Dungeon Crawl Stone Soup version 0.26.1-11-gd32895ea62 (webtiles) character file.

Game seed: 7831046109891235040

221597 bnorton916 the Tortoise (level 19, 0/153 HPs)
             Began as a Formicid Fighter on June 30, 2021.
             Was an Initiate of Gozag.
             Killed from afar by a crystal guardian (18 damage)
             ... with a crystal bolt
             ... on level 4 of the Abyss.
             The game lasted 01:38:48 (48771 turns).

bnorton916 the Tortoise (Formicid Fighter)         Turns: 48771, Time: 01:38:48

Health: 0/153      AC: 41    Str: 23    XL:     19   Next: 97%
Magic:  15/15      EV: 13    Int: 14    God:    Gozag
Gold:   3313       SH: 22    Dex: 12    Spells: 13/18 levels left

rFire    + . .     SeeInvis +   t - +3 executioner's axe "Biasod" {vorpal, Int+4 SInv}
rCold    + . .     Faith    .   K - +2 tower shield {AC+3}
rNeg     . . .     Spirit   .   w - +9 scales of the Dragon King {rPois rF+ rC+ Will+}
rPois    +         Reflect  .   (helmet unavailable)
rElec    .         Harm     .   C - +0 cloak
rCorr    .         Rampage  .   A - +0 pair of gloves
Will     ++...                  h - +2 pair of boots {run}
Stlth    ..........             z - amulet of the acrobat
HPRegen  0.00/turn              s - +4 ring of slaying
MPRegen  0.14/turn              P - +4 ring of evasion

@: mighty, gold aura, very slightly contaminated, studying Crossbows, invisible,
quick
A: permanent stasis, dig shafts and tunnels, four strong arms, antennae 3,
[blurry vision 3], [deterioration 1], [low mp 2], inhibited regeneration, [weak
1], [no potion heal 1], [subdued magic 2]
}: 1/15 runes: gossamer
a: Dig, Shaft Self, Renounce Religion, Potion Petition, Call Merchant, Bribe
Branch


You were on level 4 of the Abyss.
You worshipped Gozag.
Gozag was most pleased with you.
You visited 6 branches of the dungeon, and saw 31 of its levels.
You visited the Abyss 1 time.
You also visited: Ossuary.

You collected 13277 gold pieces.
You spent 7251 gold pieces at shops.
You paid 2713 gold pieces to Gozag.

Inventory:

Hand Weapons
 t - the +3 executioner's axe "Biasod" (weapon) {vorpal, Int+4 SInv}
   (You acquired it on level 3 of the Spider Nest)

   It inflicts extra damage upon your enemies.
   It affects your intelligence (+4).
   It lets you see invisible.
 M - a +8 battleaxe of flaming
Missiles
 j - 5 silver javelins
 E - 6 curare-tipped darts (quivered)
Armour
 h - a +2 pair of boots of running (worn)
 w - the +9 scales of the Dragon King (worn) {rPois rF+ rC+ Will+}
   (You bought it in a shop on level 1 of the Lair of Beasts)

   It protects you from fire.
   It protects you from cold.
   It protects you from poison.
   It affects your willpower, your defense against some magical effects.
 A - a +0 pair of gloves (worn)
 C - a +0 cloak (worn)
 K - a +2 tower shield of protection (worn)
Jewellery
 a - an uncursed ring of magical power
 l - an uncursed ring of fire
 o - an uncursed ring of protection from cold
 s - a +4 ring of slaying (left hand)
 u - an uncursed ring of protection from cold
 z - an amulet of the acrobat (around neck)
 G - an uncursed ring of willpower {unknown}
 N - a cursed ring of attention {unknown}
 P - a +4 ring of evasion (right hand)
 Q - an uncursed ring of flight
 W - an uncursed ring of protection from fire
Wands
 e - a wand of polymorph (16)
 q - a wand of enslavement (15)
 r - a wand of paralysis (37)
 y - a wand of random effects (8)
 L - a wand of disintegration (10)
 O - a wand of iceblast (33)
 V - a wand of flame (36)
Scrolls
 f - 4 scrolls of fear
 i - 8 scrolls of fog
 k - 2 scrolls of magic mapping
 m - 4 scrolls of enchant weapon
 n - a scroll of brand weapon
 p - 20 scrolls of remove curse
 v - 8 scrolls of amnesia
 B - 3 scrolls of enchant armour
 J - 4 scrolls of identify
 R - 5 scrolls of vulnerability
 U - 2 scrolls of silence
 Y - a scroll of holy word
Potions
 b - 2 potions of invisibility
 c - 2 potions of cancellation
 d - a potion of might
 g - 3 potions of ambrosia
 x - 11 potions of curing
 D - 2 potions of mutation
 F - a potion of magic
 H - a potion of brilliance
 I - 2 potions of resistance
 T - 4 potions of flight
Books
 X - a manual of Crossbows


   Skills:
 - Level 14.6 Fighting
 + Level 18.1 Axes
 + Level 18.5 Armour
 - Level 8.7 Dodging
 - Level 15.0 Shields
 + Level 9.2 Translocations


You had 13 spell levels left.
You knew the following spells:

 Your Spells              Type           Power        Failure   Level
a - Passage of Golubria   Tloc           N/A          75%         4
b - Apportation           Tloc           32%          10%         1

Your spell library contained the following spells:

 Spells                   Type           Power        Failure   Level
 Gell's Gravitas          Tloc           8%           32%         3
 Lesser Beckoning         Tloc           8%           32%         3
 Portal Projectile        Hex/Tloc       16%          94%         3
 Beastly Appendage        Tmut           0%           99%         1
 Corona                   Hex            0%           99%         1
 Sandblast                Erth           0%           99%         1
 Sting                    Tmut/Pois      0%           99%         1
 Ensorcelled Hibernation  Hex/Ice        0%           100%        2
 Passwall                 Tmut/Erth      0%           100%        2
 Poisonous Vapours        Pois/Air       0%           100%        2
 Slow                     Hex            0%           100%        2
 Wereblood                Tmut           0%           100%        2
 Confusing Touch          Hex            0%           100%        3
 Dazzling Flash           Conj/Hex       0%           100%        3
 Ignite Poison            Fire/Tmut/Pois 0%           100%        3
 Inner Flame              Hex/Fire       0%           100%        3
 Mephitic Cloud           Conj/Pois/Air  0%           100%        3
 Spider Form              Tmut/Pois      0%           100%        3
 Stone Arrow              Conj/Erth      0%           100%        3
 Tukima's Dance           Hex            0%           100%        3
 Cause Fear               Hex            0%           100%        4
 Ice Form                 Ice/Tmut       0%           100%        4
 Leda's Liquefaction      Hex/Erth       0%           100%        4
 Olgreb's Toxic Radiance  Pois           0%           100%        4
 Petrify                  Tmut/Erth      0%           100%        4
 Alistair's Intoxication  Tmut/Pois      0%           100%        5
 Blade Hands              Tmut           0%           100%        5
 Bolt of Magma            Conj/Fire/Erth 0%           100%        5
 Fireball                 Conj/Fire      0%           100%        5
 Iskenderun's Battlesphe  Conj           0%           100%        5
 Lee's Rapid Deconstruct  Erth           0%           100%        5
 Dispersal                Tloc           8%           100%        6
 Invisibility             Hex            0%           100%        6
 Iron Shot                Conj/Erth      0%           100%        6
 Starburst                Conj/Fire      0%           100%        6
 Orb of Destruction       Conj           0%           100%        7
 Spellforged Servitor     Conj/Summ      0%           100%        7
 Disjunction              Tloc           8%           100%        8
 Ignition                 Fire           0%           100%        8
 Swiftness                Air            Unusable     N/A         2

Dungeon Overview and Level Annotations

Branches:
Dungeon (15/15)            Temple (1/1) D:5            Lair (6/6) D:8
 Shoals (0/4) Lair:2       Spider (4/4) Lair:4        Slime (0/5) Lair:5
    Orc (2/2) D:11            Elf (3/3) Orc:2        Vaults (0/5) D:14
 Depths (0/5) D:15        Ossuary (visited)

Altars:
Ashenzari
Cheibriados
Dithmenos
Elyvilon
Fedhas
Gozag
Hepliaklqana
Kikubaaqudgha
Makhleb
Nemelex Xobeh
Okawaru
Qazlal
Ru
Sif Muna
Trog
Uskayaw
Vehumet
Wu Jian
Xom
Yredelemnul
Zin
The Shining One
Beogh
Jiyva

Shops:
D:10 =*[   D:13 ?   Orc:2 **[?   Elf:2 :   Elf:3 }=}   Lair:1 :[[

Portals:
Trove: D:12 (give +5 ice dragon scales)

Annotations:
Spider:1 2 transporters, dtburroughs's ghost, adept MiBe


Innate Abilities, Weirdness & Mutations

You cannot be hasted, slowed, berserked, paralysed or teleported.
You can dig through walls and to a lower floor.
Your four strong arms can wield two-handed weapons with a shield.
You have a pair of large antennae on your head. (SInv)
You do not regenerate when monsters are visible.
[Scrolls take you much longer to read.]
[Your body sometimes deteriorates upon taking damage.]
[Your magical capacity is very low. (-20% MP)]
[You are weak. (Str -2)]
[Potions are less effective at restoring your health.]
[Your spells are easier to cast, but less powerful.]


Message History

The wretched star is heavily damaged.
A thrashing horror comes into view.
The crystal guardian fires a crystalline bolt at you.
The crystal bolt burns the unseen horror!!!
The unseen horror is no longer distracted by gold.
The crystal bolt burns you. You resist.
* * * LOW HITPOINT WARNING * * *
The crystal bolt burns you! You resist.
* * * LOW HITPOINT WARNING * * *
The great orb of eyes becomes distracted by the nearby gold, dreaming of imaginary riches.
The wretched star glows turbulently.
The lance of force misses you.
The crystal guardian fires a crystalline bolt at you.
The crystal bolt freezes the unseen horror!!
The unseen horror dies!
The crystal bolt freezes the white imp!
The white imp resists.
The white imp dies!
The crystal bolt freezes you!! You resist.
You die...
Your body crumbles into a pile of gold.

.... ...# ..#{ #
....... ##.### ..#
.........##. ....#
. .... . .......'#
#.. ... ###.......
.. ..{.#{{# ...####
.. ..# ##.# ...# .
..3###{####..###.
.. .{ .{{ #@*......
.....#.{##$###.....
...... #{#$# ###
..5.#


X8x{ #...# .G..{ { .. ...S{{{ { ..∩ ...φ...'{{{ ##......' /{ .......##?? You
could see a wretched star, a great orb of eyes (unaware), a crystal guardian, a
thrashing horror and a guardian serpent (wandering).

Vanquished Creatures
  Mara (Spider:3)
  Arachne (Spider:3)
  Rupert (Lair:4)
  A deep elf blademaster (Elf:2)
  2 tentacled starspawn (Abyss:4)
  Donald (Spider:3)
  An orc warlord (Orc:2)
  Aizul (Spider:3)
  7 emperor scorpions
  Louise (Spider:3)
  4 ghost moths
  A deep elf sorcerer (Elf:1)
  A stone giant (Orc:1)
  Nessos (Lair:5)
  A deep elf demonologist (Elf:1)
  2 spark wasps (Spider:3)
  2 entropy weavers
  A fire dragon (D:14)
  3 hydras
  A merfolk avatar (Lair:6)
  2 centaur warriors (D:15)
  4 vault guards (D:14)
  A boulder beetle (D:13)
  A rakshasa (D:15)
  3 two-headed ogres
  19 death yaks
  An orc high priest (Elf:3)
  A queen ant (Spider:3)
  5 thrashing horrors (Abyss:4)
  Sonja (Lair:2)
  12 deep elf knights
  A sea snake (Lair:6)
  2 unseen horrors (D:14)
  5 skeletal warriors (D:10)
  A glowing orange brain (D:15)
  4 deep elf archers
  4 orc knights
  A harpy (shapeshifter) (D:15)
  21 orb spiders
  A mana viper (shapeshifter) (D:15)
  12 ugly things
  A wizard (Elf:1)
  5 orc sorcerers
  31 deep elf magi
  3 moths of wrath
  29 wolf spiders
  An oklob plant (Lair:2)
  5 manticores
  4 cyclopes
  Maurice (D:13)
  21 elephants
  4 black mambas
  2 gargoyles
  Psyche (D:8)
  3 smoke demons (Abyss:4)
  A torpor snail (Lair:6)
  15 cane toads
  8 komodo dragons
  13 demonic crawlers
  2 rime drakes (Lair:6)
  2 trolls
  37 jumping spiders
  6 hornets
  12 polar bears
  A merfolk (Lair:2)
  3 meliai (D:15)
  A wind drake (Lair:6)
  14 blink frogs
  9 slime creatures
  A raiju (Abyss:4)
  79 redbacks
  2 air elementals
  7 wyverns
  3 shadows
  31 tarantellas
  5 wraiths
  A vampire (D:13)
  2 small abominations (Abyss:4)
  A basilisk (Lair:3)
  3 water elementals
  76 yaks
  A human (shapeshifter) (Elf:3)
  A neqoxec (Abyss:4)
  6 vampire mosquitoes
  3 wargs (Orc:2)
  24 soldier ants
  13 water moccasins
  An acid dragon (D:15)
  Duvessa (D:4)
  10 ice beasts
  35 orc warriors
  2 phantoms
  2 sky beasts
  4 black bears
  A necrophage (D:7)
  16 wolves
  2 boggarts (Elf:1)
  12 ogres
  20 centaurs
  Blork the orc (D:6)
  A big kobold (D:12)
  4 earth elementals
  14 bullfrogs
  A water moccasin zombie (Ossuary)
  A water moccasin skeleton (D:11)
  A wyvern skeleton (D:8)
  13 killer bees
  2 scorpions (D:5)
  Dowan (D:4)
  8 wights
  2 howler monkeys
  6 electric eels
  A crimson imp (D:9)
  5 centaur zombies
  3 quasits
  5 jellies
  2 starcursed masses (Abyss:4)
  4 hounds
  18 orc priests
  5 centaur skeletons
  3 bullfrog skeletons
  6 iguanas
  25 orc wizards
  6 hell rats (Lair:3)
  34 worker ants
  3 big kobold zombies (Ossuary)
  2 centaur simulacra
  2 hound zombies
  2 mummies (Ossuary)
  3 worker ant zombies
  A howler monkey skeleton (D:8)
  3 gnolls (D:5)
  16 adders
  A hound simulacrum (D:9)
  A shadow imp (D:5)
  8 white imps
  5 ufetubi
  8 adder zombies
  A worm (D:3)
  8 dart slugs
  An adder simulacrum (D:9)
  14 leopard geckos
  105 orcs
  A giant cockroach (D:3)
  2 goblins
  12 hobgoblins
  4 quokkas
  6 ball pythons
  5 bats
  6 frilled lizards
  4 gnoll zombies (Ossuary)
  5 hobgoblin zombies (Ossuary)
  A jackal zombie (D:5)
  14 kobolds
  3 kobold zombies (Ossuary)
  A leopard gecko zombie (D:5)
  4 orc zombies (Ossuary)
  A quokka skeleton (D:5)
  A quokka zombie (D:5)
  7 rats
  A bush (D:1)
1170 creatures vanquished.

Vanquished Creatures (others)
  Nikola (Elf:2)
  19 dancing weapons
  A deep elf knight (Elf:2)
  An unseen horror (Abyss:4)
  A tarantella (Spider:2)
  A white imp (Abyss:4)
  An orc (D:15)
  A quokka (D:7)
  18 bushes (D:14)
  57 fungi
  103 plants
  4 starspawn tentacles (Abyss:4)
208 creatures vanquished.

Grand Total: 1378 creatures vanquished

Notes
Turn   | Place    | Note
-------+----------+-------------------------------------------
     0 | D:1      | bnorton916 the Formicid Fighter began the quest for the
                  | Orb.
     0 | D:1      | Reached XP level 1. HP: 18/18 MP: 1/1
   105 | D:1      | Reached XP level 2. HP: 14/24 MP: 2/2
   390 | D:1      | Found a broken altar of Ashenzari.
   600 | D:1      | Reached XP level 3. HP: 29/29 MP: 3/3
  1714 | D:2      | Reached XP level 4. HP: 27/37 MP: 4/4
  2832 | D:2      | Found a sacrificial altar of Ru.
  3056 | D:3      | Reached XP level 5. HP: 12/42 MP: 5/5
  3538 | D:3      | Found a burning altar of Makhleb.
  3565 | D:3      | Noticed a phantom
  3598 | D:3      | Reached XP level 6. HP: 49/49 MP: 6/6
  3620 | D:3      | Killed a phantom
  3621 | D:3      | Reached skill level 5 in Shields
  3744 | D:3      | Found a faded altar of an unknown god.
  4371 | D:4      | Reached XP level 7. HP: 49/55 MP: 7/7
  4479 | D:4      | Reached skill level 5 in Armour
  4625 | D:4      | Reached skill level 5 in Fighting
  5450 | D:4      | Noticed Dowan
  5452 | D:4      | Noticed Duvessa
  5458 | D:4      | Killed Dowan
  5476 | D:4      | You fall into a shaft and drop 1 floor!
  5476 | D:5      | Entered Level 5 of the Dungeon
  5704 | D:5      | Found a sand-covered staircase.
  5729 | Ossuary  | Entered an ossuary
  5936 | Ossuary  | Reached XP level 8. HP: 56/63 MP: 8/8
  6161 | D:5      | Found a staircase to the Ecumenical Temple.
  6168 | Temple   | Entered the Ecumenical Temple
  6467 | Temple   | Became a worshipper of Gozag Ym Sagoz the Greedy
  6637 | D:5      | Reached skill level 5 in Axes
  7317 | D:6      | Reached XP level 9. HP: 41/71 MP: 9/9
  7485 | D:4      | Killed Duvessa
  7969 | D:6      | Noticed Blork the orc
  7979 | D:6      | Killed Blork the orc
  8154 | D:6      | Found a blossoming altar of Fedhas.
  8621 | D:7      | Found a white marble altar of Elyvilon.
  9507 | D:7      | Noticed a komodo dragon
  9598 | D:6      | Killed a komodo dragon
  9599 | D:6      | Reached XP level 10. HP: 8/80 MP: 10/10
 10705 | D:8      | Found a runed translucent door.
 10745 | D:8      | Noticed Psyche
 10756 | D:8      | Killed Psyche
 10757 | D:8      | Found an iron altar of Okawaru.
 10765 | D:8      | Found a snail-covered altar of Cheibriados.
 10833 | D:8      | Found a stormy altar of Qazlal.
 11130 | D:8      | Reached skill level 10 in Shields
 11381 | D:8      | Found a staircase to the Lair.
 11402 | Lair:1   | Entered Level 1 of the Lair of Beasts
 11658 | Lair:1   | Reached skill level 1 in Dodging
 11689 | Lair:1   | Noticed a seven-headed hydra
 11848 | D:8      | You fall into a shaft and drop 2 floors!
 11848 | D:10     | Entered Level 10 of the Dungeon
 12056 | D:10     | Found Teanawen's Antique Armour Boutique.
 12078 | D:10     | Bought a brightly glowing scale mail for 216 gold pieces
 12078 | D:10     | Bought a pitted ring mail for 216 gold pieces
 12088 | D:10     | Identified the +5 ring mail of the Arcane {rPois MP+9
                  | Dex+4} (You bought it in a shop on level 10 of the Dungeon)
 12101 | D:10     | Identified the +5 scale mail of the Ecumenical Temple
                  | {Will++} (You bought it in a shop on level 10 of the
                  | Dungeon)
 12322 | D:10     | Noticed a skeletal warrior
 12322 | D:10     | Noticed a skeletal warrior
 12388 | D:10     | Killed a skeletal warrior
 12389 | D:10     | Reached XP level 11. HP: 46/90 MP: 11/11
 12403 | D:10     | Killed a skeletal warrior
 12404 | D:10     | Reached skill level 10 in Fighting
 12845 | D:9      | Noticed a two-headed ogre
 12864 | D:9      | Killed a two-headed ogre
 13967 | D:8      | Found a glowing silver altar of Zin.
 14086 | D:8      | Killed a one-headed hydra
 14722 | D:8      | Reached skill level 10 in Axes
 14848 | D:8      | Found a roughly hewn altar of Beogh.
 14966 | Lair:1   | Bought a +0 pair of boots of running for 441 gold pieces
 15123 | Lair:1   | Reached skill level 5 in Dodging
 15983 | Lair:2   | Noticed an elephant
 15983 | Lair:2   | Noticed an elephant
 15984 | Lair:2   | Noticed an elephant
 15986 | Lair:2   | Noticed Sonja
 15986 | Lair:2   | Noticed an elephant
 16068 | Lair:2   | Reached XP level 12. HP: 99/100 MP: 12/12
 17003 | Lair:2   | Killed Sonja
 19613 | Lair:2   | Reached XP level 13. HP: 74/108 MP: 13/13
 20090 | Lair:2   | Found a staircase to the Shoals.
 20841 | Lair:3   | Noticed a five-headed hydra
 20867 | Lair:3   | Killed a one-headed hydra
 21470 | Lair:4   | Found a hole to the Spider Nest.
 22787 | Lair:5   | Noticed Rupert
 22814 | Lair:4   | Killed Rupert
 22848 | Lair:5   | Reached XP level 14. HP: 103/115 MP: 14/14
 22917 | Lair:5   | Found a viscous altar of Jiyva.
 22918 | Lair:5   | Found a staircase to the Slime Pits.
 23094 | Lair:5   | Noticed Nessos
 23116 | Lair:5   | Killed Nessos
 24181 | Lair:6   | Entered Level 6 of the Lair of Beasts
 24618 | Lair:1   | Bought a +1 tower shield of protection for 231 gold pieces
 24826 | Lair:5   | Reached skill level 15 in Shields
 25269 | Lair:6   | Reached skill level 15 in Axes
 25269 | Lair:6   | Reached XP level 15. HP: 120/120 MP: 15/15
 27488 | D:10     | Found Weihiag's Assorted Antiques.
 27620 | D:10     | Found a shadowy altar of Dithmenos.
 27718 | D:10     | Found Barinibb's Jewellery Shop.
 28129 | D:11     | Found a staircase to the Orcish Mines.
 28164 | Orc:1    | Entered Level 1 of the Orcish Mines
 28164 | Orc:1    | Noticed a stone giant
 28319 | Orc:1    | Killed a stone giant
 28596 | Orc:1    | Found a roughly hewn altar of Beogh.
 28663 | Orc:2    | Entered Level 2 of the Orcish Mines
 28946 | Orc:2    | Noticed an orc warlord
 28971 | Orc:2    | Killed an orc warlord
 29544 | Orc:2    | Found a roughly hewn altar of Beogh.
 29557 | Orc:2    | Found a staircase to the Elven Halls.
 29779 | Orc:2    | Found Ytacagy's Antique Armour Emporium.
 29779 | Orc:2    | Found Poruexiz's General Store.
 29781 | Orc:2    | Found Kaog's General Store.
 29783 | Orc:2    | Found Tafoged's Magic Scroll Shoppe.
 29789 | Orc:2    | Bought a potion of resistance for 140 gold pieces
 29789 | Orc:2    | Bought a scroll of enchant weapon for 105 gold pieces
 29799 | Orc:2    | Bought a scroll of holy word for 112 gold pieces
 29799 | Orc:2    | Bought a scroll of enchant armour for 112 gold pieces
 29799 | Orc:2    | Bought a scroll of enchant armour for 112 gold pieces
 30180 | Lair:1   | Bought the +9 scales of the Dragon King {rPois rF+ rC+
                  | Will+} for 3494 gold pieces
 30180 | Lair:1   | Found the +9 scales of the Dragon King {rPois rF+ rC+
                  | Will+}
 30333 | Spider:1 | Entered Level 1 of the Spider Nest
 30443 | Lair:4   | Reached XP level 16. HP: 44/134 MP: 16/16
 30816 | Spider:1 | Found a transporter.
 30816 | Spider:1 | Noticed dtburroughs's ghost (adept MiBe)
 30818 | Spider:1 | Found a transporter.
 31153 | Spider:1 | Reached skill level 10 in Armour
 33905 | Spider:3 | Reached XP level 17. HP: 140/140 MP: 17/17
 34067 | Spider:4 | Entered Level 4 of the Spider Nest
 34067 | Spider:4 | Noticed Arachne
 34080 | Spider:3 | Killed Arachne
 34236 | Spider:3 | Identified a scroll of acquirement
 34237 | Spider:3 | Acquired the +3 executioner's axe "Biasod" {vorpal, Int+4
                  | SInv}
 34442 | Spider:4 | Noticed Aizul
 34450 | Spider:4 | Noticed Mara
 34618 | Spider:3 | Killed Aizul
 34653 | Spider:4 | Noticed bnorton916's illusion
 34885 | Spider:4 | Reached skill level 15 in Armour
 34938 | Spider:4 | Noticed bnorton916's illusion
 35250 | Spider:4 | Noticed bnorton916's illusion
 35260 | Spider:4 | HP: 7/140 [bnorton916's illusion (illusionary)[Mara] (7)]
 35271 | Spider:3 | Killed Mara
 35682 | Spider:4 | Noticed Donald
 35704 | Spider:3 | Killed Donald
 35892 | Lair:1   | Bought a book of Burglary for 1500 gold pieces
 35897 | Lair:1   | Learned a level 4 spell: Passage of Golubria
 36051 | Spider:4 | Reached skill level 1 in Translocations
 36617 | Spider:4 | Identified the +2 tower shield "Faywozen" {Rampage rPois
                  | rN+ Int-5}
 36617 | Spider:4 | Noticed Louise
 36653 | Spider:3 | Killed Louise
 37663 | Spider:4 | Reached XP level 18. HP: 146/147 MP: 18/18
 38449 | Spider:4 | Got a gossamer rune of Zot
 38726 | Elf:1    | Entered Level 1 of the Elven Halls
 39116 | Elf:1    | Reached skill level 5 in Translocations
 39116 | Elf:1    | Noticed an Ice Fiend
 40787 | D:11     | Identified the +4 rapier of Experimentation {vamp, Str+6}
 42399 | D:12     | Found a portal to a secret trove of treasure.
 42560 | D:13     | Found Rocynoulo's Magic Scroll Shop.
 42566 | D:13     | Bought a scroll of acquirement for 572 gold pieces
 42566 | D:13     | Acquired 686 gold pieces
 42614 | D:13     | Noticed Maurice
 42622 | D:13     | Killed Maurice
 43014 | D:13     | Learned a level 1 spell: Apportation
 43482 | D:14     | Reached XP level 19. HP: 153/153 MP: 19/19
 43650 | D:14     | Found a gate to the Vaults.
 44088 | D:15     | Entered Level 15 of the Dungeon
 44630 | D:15     | Found a staircase to the Depths.
 45169 | D:15     | Found a snail-covered altar of Cheibriados.
 45673 | Elf:2    | Found Ido Egg's Book Boutique.
 46008 | Elf:2    | Found a runed translucent gate.
 46008 | Elf:2    | Found a runed translucent gate.
 46067 | Elf:2    | Found a runed translucent gate.
 46553 | Elf:2    | Noticed a deep elf blademaster
 46568 | Elf:2    | Killed a deep elf blademaster
 46737 | Elf:2    | Noticed Nikola
 47341 | Elf:2    | Killed Nikola
 47901 | Elf:3    | Entered Level 3 of the Elven Halls
 48149 | Elf:3    | Found Wissev's Gadget Shoppe.
 48149 | Elf:3    | Found Gitakk's Jewellery Shop.
 48150 | Elf:3    | Found Susit's Gadget Shoppe.
 48498 | Elf:3    | Cast into level 4 of the Abyss (+3 dire flail of
                  | distortion)
 48570 | Abyss:4  | Acquired a manual of Crossbows
 48572 | Abyss:4  | Gained mutation: You do not regenerate when monsters are
                  | visible. [a neqoxec]
 48744 | Abyss:4  | HP: 7/153 [starcursed mass/accursed screaming (9)]
 48771 | Abyss:4  | Killed from afar by a crystal guardian

Illustrated notes

Levels and vault maps discovered:
D:1:      lightli_arrival_chessboard, layout_loops_ring, serial_forest,
          infiniplex_forest_clump_double, infiniplex_forest_lined_2,
          infiniplex_forest_end_2, infiniplex_forest_straight_3,
          infiniplex_forest_split, infiniplex_forest_corner_2,
          infiniplex_forest_straight_1, infiniplex_forest_straight_2,
          infiniplex_forest_clump_tiny, grunt_decor_fettered,
          evilmike_ruin_ashenzari
D:2:      layout_loops_corners, nicolae_ru_path_of_blood
D:3:      minmay_chambers_of_threes, layout_basic, general_overflow_altar,
          chequers_ecumenical_altar_simple
D:4:      layout_cave_pods, uniq_duvessa
D:5:      cheibrodos_barr_body, layout_basic, minmay_temple_entry_glassed_door,
          nicolae_ossuary_entry_plus
D:6:      wander_river, layout_rooms, fedhas_altar_1, uniq_blork_the_orc
D:7:      layout_layer_cave, elyvilon_altar_4, serial_glass, glass_columns_b,
          glass_columns_a, glass_columns_a, minmay_fountain_box,
          minmay_misc_feat_iff, minmay_lizard_king
D:8:      layout_loops_ring, grunt_temple_overflow_open, kennysheep_little_box,
          lair_entry_dummy, st_stairs_4, lightli_church_of_beogh, uniq_psyche
D:9:      layout_basic, serial_ice, serial_ice_h, serial_ice_f, serial_ice_i,
          serial_ice_d, serial_ice_n, serial_ice_a, minmay_fire_ice_demons
D:10:     layout_long_grid, serial_shops, shop, shop, shop,
          nicolae_dithmenos_through_a_glass_darkly
D:11:     layout_basic, orc_0_dummy, kennysheep_diamond
D:12:     layout_loops_corners, nicolae_trove_entry_crystal
D:13:     layout_irregular_city, serial_shops, shop, uniq_maurice
D:14:     layout_basic, lightli_vaults_fourway_checkpoint, minmay_hedge_maze,
          hangedman_decor_points
D:15:     gammafunk_enter_depths_forms, layout_basic, basic_altar,
          chequers_decorated_corner
Temple:   eino_temple_scatter_basement
Lair:1:   layout_regular_city
Lair:2:   layout_gridlike, elwin_shoals_entry_rooms,
          chequers_serial_rivers_micro_c, cheibrodos_lair_caveside_slide,
          infiniplex_staircase_pool, uniq_sonja
Lair:3:   layout_chaotic_city
Lair:4:   beast_lair_carwin_large_1, layout_layer_cave,
          spider_nest_entry_rubble, chequers_serial_rivers_micro_a
Lair:5:   statuecave_lemuel, layout_loops_ring, slime_altar_1, uniq_rupert,
          uniq_nessos
Lair:6:   gammafunk_lair_ancient_temple, layout_hall_layers, serial_bayou_pond_d
Spider:1: layout_spider_delve, gammafunk_ghost_arena, spiders_nest_spider_trap
Spider:2: layout_chambers, drop_trap, nicolae_spider_webbed_stairs,
          hangedman_spider_tarantella_strand
Spider:3: layout_spider_delve, minivault_29
Spider:4: grunt_spider_rune_circles, nicolae_spider_nook, uniq_arachne,
          uniq_mara, uniq_aizul, uniq_donald, uniq_louise
Orc:1:    layout_diamond_mine, basic_altar, mines4_lemuel
Orc:2:    st_orc_rangers, layout_caves, basic_altar, library_closet
Elf:1:    eino_elf_arrival_sip, layout_gridlike, hangedman_elf_disciples
Elf:2:    layout_rooms, serial_shops, shop, minmay_misc_feat_pillars,
          uniq_nikola
Elf:3:    elf_hall, layout_onion_city, basic_altar, minmay_shop_grove
Abyss:4:  base: Lair:2, nicolae_abyss_rune_left_handed,
          evilmike_abyss_exit_chaos, nicolae_abyss_rune_star_stuff,
          evilmike_nicolae_abyss_rune_containment_curve, evilmike_abyss_exit_7,
          hangedman_abyss_mock_shop, bh_silent_lugonu_exit,
          hangedman_grunt_abyss_rune_horror_hoard

Skill      XL: |  1  2  3  4  5  6  7  8  9 10 11 12 13 14 15 16 17 18 19 |
---------------+----------------------------------------------------------+-----
Shields        | 4 5 6 7 9 10 11 13 15 | 15.0
Armour         | 4 5 6 7 13 16 17 18 | 18.5
Fighting       | 4 5 6 8 9 11 12 14 | 14.6
Axes           | 3 4 5 7 8 10 11 13 15 16 17 18 | 18.1
Dodging        | 2 5 7 8 |  8.7
Translocations | 3 7 9 |  9.2

Action                   |  1- 3 |  4- 6 |  7- 9 | 10-12 | 13-15 | 16-18 | 19-21 || total
-------------------------+-------+-------+-------+-------+-------+-------+-------++-------
Melee: War axe           |   157 |   208 |    29 |       |       |       |       ||   394
       Hand axe          |       |       |   461 |  1090 |   357 |       |       ||  1908
       Battleaxe         |       |       |       |       |   648 |   450 |       ||  1098
       Executioner's axe |       |       |       |       |       |   673 |   442 ||  1115
Throw: Dart              |       |       |       |     1 |       |    35 |     1 ||    37
       Javelin           |       |       |       |       |       |    17 |       ||    17
Invok: Call Merchant     |       |       |       |     1 |     1 |     1 |       ||     3
       Potion Petition   |       |       |       |       |       |       |     1 ||     1
 Abil: Dig               |     1 |     7 |     8 |    21 |    34 |    30 |    19 ||   120
       Shaft Self        |       |       |     1 |     1 |       |       |       ||     2
Evoke: Wand              |       |       |     3 |     1 |     4 |     1 |       ||     9
  Use: Scroll            |       |       |    10 |     8 |    15 |     6 |     4 ||    43
       Potion            |       |       |     2 |     3 |     1 |     2 |     8 ||    16
 Stab: Paralysed         |       |       |     4 |     6 |       |       |       ||    10
       Distracted        |       |       |     1 |     7 |     7 |    10 |     4 ||    29
       Held in net/web   |       |       |       |       |       |     5 |       ||     5
Armor: Scale mail        |    56 |    42 |       |       |       |       |       ||    98
       Ring mail         |       |    26 |   161 |   283 |   164 |   102 |       ||   736
       Gold dragon scale |       |       |       |       |       |   295 |   161 ||   456
Dodge: Dodged            |    30 |    63 |   170 |   372 |   348 |   425 |   162 ||  1570
Block: Kite shield       |    63 |    94 |   245 |   527 |   241 |       |       ||  1170
       Tower shield      |       |       |       |       |   509 |  1333 |   530 ||  2372
